 Dungeon Crawl Stone Soup version 0.26-a0-540-g8a0c9464d7 (webtiles) character file.

Game seed: 11095151022000822706

1040 wonderbra the Sneak (level 8, -4/54 HPs)
             Began as an Octopode Fighter on Aug 20, 2020.
             Slain by a troll (14 damage)
             ... on level 6 of the Dungeon.
             The game lasted 00:08:21 (6574 turns).

wonderbra the Sneak (Octopode Fighter)              Turns: 6574, Time: 00:08:21

Health: -4/54      AC:  1    Str: 17    XL:     8   Next: 24%
Magic:  8/8        EV: 13    Int: 11    God:
Gold:   204        SH:  9    Dex: 13    Spells: 7/7 levels left

rFire    . . .     SeeInvis .   a - +0 trident
rCold    . . .     Faith    .   b - +0 kite shield
rNeg     . . .     Spirit   .   (helmet restricted)
rPois    .         Reflect  .   r - amulet of the acrobat
rElec    .         Harm     .   (no ring)
rCorr    .                      (no ring)
MR       +....                  (no ring)
Stlth    ++++......             (no ring)
HPRegen  0.18/turn              (no ring)
MPRegen  0.11/turn              (no ring)
                                (no ring)
                                (no ring)

@: no status effects
A: almost no armour, stealthy swim, amphibious, 8 rings, constrict 8, camouflage
1, agile 1, blurry vision 1, high mp 1, magic resistance 1, gelatinous body 1
a: no special abilities


You were on level 6 of the Dungeon.
You visited 1 branch of the dungeon, and saw 6 of its levels.

You collected 244 gold pieces.
You spent 40 gold pieces at shops.

Inventory:

Hand Weapons
 a - a +0 trident (weapon)
Missiles
 h - 9 boomerangs
 j - 11 poisoned darts (quivered)
 B - 2 throwing nets
Armour
 b - a +0 kite shield (worn)
Jewellery
 r - an amulet of the acrobat (around mantle)
Wands
 n - a wand of polymorph (7)
Scrolls
 d - 3 scrolls of fog {unknown}
 i - 2 scrolls of fear {unknown}
 l - 2 scrolls of amnesia {unknown}
 m - a scroll of magic mapping {unknown}
 q - 5 scrolls of teleportation {unknown}
 s - a scroll of enchant weapon {unknown}
 u - a scroll of enchant armour {unknown}
 x - a scroll of remove curse {unknown}
 y - 2 scrolls of blinking {unknown}
 z - 2 scrolls of immolation {unknown}
 A - a scroll of acquirement {unknown}
Potions
 c - 2 potions of might
 e - a potion of flight
 f - a potion of magic
 g - a potion of cancellation
 k - 3 potions of haste
 o - 2 potions of stabbing
 p - a potion of curing
 t - a potion of heal wounds {unknown}
 v - a potion of ambrosia {unknown}
 w - a potion of invisibility {unknown}
 C - a potion of lignification {unknown}


   Skills:
 + Level 4.7 Fighting
 + Level 5.7 Polearms
 + Level 2.3 Throwing
 + Level 4.1 Dodging
 + Level 6.2 Stealth
 + Level 4.0 Shields


You had 7 spell levels left.
You didn't know any spells.
Your spell library was empty.

Dungeon Overview and Level Annotations

Branches:
Dungeon (6/15)
 Temple: D:4-7

Altars:
Fedhas

Shops:
D:6 [?

Annotations:
D:5 2 transporters, Yorgos's ghost, amateur GnDe


Innate Abilities, Weirdness & Mutations

You cannot wear most types of armour.
You are very stealthy in the water. (Stealth+)
You are amphibious.
You can wear up to eight rings at the same time.
You can use your tentacles to constrict eight enemies at once.
Your skin changes colour to match your surroundings (Stealth+).
Your rubbery body absorbs attacks. (AC +1, EV +1)
You are agile. (Dex +2)
Scrolls take you a little longer to read.
You have an increased reservoir of magic. (+10% MP)
You are resistant to hostile enchantments. (MR+)


Message History

The troll bites you! The troll claws you but does no damage.
You block the troll's attack.
You are too injured to fight recklessly!
You are too injured to fight recklessly!
You are too injured to fight recklessly!
You are too injured to fight recklessly!
You hit the troll. You squeeze the troll.
The troll is moderately wounded.
The troll bites you. You block the troll's attack.
The troll claws you but does no damage.
You hit the troll but do no damage.
The troll is moderately wounded.
You block the troll's attack. x3
Unknown command.
You hit the troll but do no damage.
The troll is moderately wounded.
The troll bites you!
* * * LOW HITPOINT WARNING * * *
The troll claws you!
You die...

..## ..# #.# #
##.###+#######
#.#########+#<...........#
#.........[..............#
#.......[..............#
##(.(........#...∩......#
....(.((..T@...#..........#
...!.(####.#+#.#..........#
...... #⌠.⌠#.#..........#
..... #.∩.#.###..#...###
..... #⌠.⌠#......#...# ....
###.#####..#...# ....
+#####.>#...# ............#
............#


You could see a troll (very poisoned).

Vanquished Creatures
  Edmund (D:5)
  An orc warrior (D:6)
  A sky beast (D:5)
  A water moccasin zombie (D:6)
  2 scorpions
  A howler monkey (D:4)
  A quasit (D:5)
  5 orc wizards
  2 orc priests
  6 worker ants
  A howler monkey zombie (D:5)
  6 adders
  A white imp (D:5)
  2 oozes
  An adder zombie (D:5)
  2 adder skeletons (D:6)
  A worm (D:4)
  A dart slug (D:2)
  3 leopard geckos
  15 orcs
  4 giant cockroaches
  9 goblins
  2 jackals (D:1)
  5 kobolds
  3 quokkas
  2 ball pythons (D:1)
  10 bats
  8 frilled lizards
  A jackal zombie (D:5)
  A quokka zombie (D:5)
  5 rats
104 creatures vanquished.

Vanquished Creatures (others)
  6 plants (D:5)
6 creatures vanquished.

Grand Total: 110 creatures vanquished

Notes
Turn   | Place    | Note
-------+----------+-------------------------------------------
     0 | D:1      | wonderbra the Octopode Fighter began the quest for the Orb.
     0 | D:1      | Reached XP level 1. HP: 16/16 MP: 1/1
   160 | D:1      | Reached XP level 2. HP: 10/21 MP: 2/2
   836 | D:2      | Reached XP level 3. HP: 26/26 MP: 3/3
   846 | D:2      | Found a blossoming altar of Fedhas.
   899 | D:2      | Reached skill level 1 in Stealth
  1385 | D:2      | Reached XP level 4. HP: 22/31 MP: 4/4
  1996 | D:2      | Reached skill level 2 in Stealth
  3077 | D:4      | Reached XP level 5. HP: 30/36 MP: 5/5
  3144 | D:4      | Reached skill level 3 in Stealth
  3793 | D:4      | You fall into a shaft and drop 2 floors!
  3803 | D:6      | Reached skill level 4 in Stealth
  3959 | D:6      | Reached XP level 6. HP: 43/43 MP: 6/6
  4183 | D:5      | Entered Level 5 of the Dungeon
  4387 | D:4      | Reached XP level 7. HP: 48/48 MP: 7/7
  4411 | D:4      | Reached skill level 1 in Throwing
  4437 | D:4      | Reached skill level 5 in Stealth
  5116 | D:5      | Noticed Edmund
  5128 | D:5      | Killed Edmund
  5128 | D:5      | Reached skill level 5 in Polearms
  5308 | D:5      | Found a transporter.
  5309 | D:5      | Noticed Yorgos's ghost (amateur GnDe)
  5327 | D:5      | Identified the +4 ring mail "Ahues" {Str+4}
  5327 | D:5      | Identified the +1 buckler "Poisk" {Int+4}
  5360 | D:5      | Found a transporter.
  5848 | D:5      | Reached XP level 8. HP: 29/54 MP: 8/8
  6006 | D:5      | Identified the cursed +1 shortbow of Disarray {flame, rF-
                  | Str+4 Dex+2 SInv}
  6037 | D:5      | Reached skill level 6 in Stealth
  6342 | D:6      | Found Mosigupn's Magic Scroll Shop.
  6351 | D:6      | Bought a scroll of identify for 20 gold pieces
  6351 | D:6      | Bought a scroll of identify for 20 gold pieces
  6353 | D:6      | Gained mutation: Scrolls take you a little longer to read.
                  | [potion of mutation]
  6353 | D:6      | Gained mutation: You have an increased reservoir of magic.
                  | (+10% MP) [potion of mutation]
  6353 | D:6      | Gained mutation: You are agile. (Dex +2) [potion of
                  | mutation]
  6353 | D:6      | Gained mutation: You are resistant to hostile enchantments.
                  | (MR+) [potion of mutation]
  6368 | D:6      | Found Ydidd's Antique Armour Shop.
  6481 | D:6      | Noticed a troll
  6574 | D:6      | Slain by a troll

Illustrated notes

Levels and vault maps discovered:
D:1:      ebering_trefoil_3fold, layout_basic, minivault_27, dk_noncrumbling_3,
          minmay_heptomino_o4
D:2:      minmay_diamond_boxcup, layout_loops_corners, fedhas_altar_2
D:3:      layout_basic
D:4:      layout_basic, minmay_misc_feat_ornament, grunt_decor_one_mirror
D:5:      layout_loops_ring, gammafunk_ghost_gnarly_gnolls,
          minmay_increasing_density, uniq_edmund
D:6:      layout_basic, kennysheep_mini_moat,
          minmay_temple_entry_statues_pillars, serial_shops,
          nicolae_shop_temple_entry_statues_fountains, shop_fountains, shop,
          shop, shop

Skill      XL: |  1  2  3  4  5  6  7  8 |
---------------+-------------------------+-----
Stealth        | 1 2 4 5 6 |  6.2
Polearms       | 3 4 5 |  5.7
Fighting       | 4 |  4.7
Throwing       | 2 |  2.3
Shields        | 4 |  4.0
Dodging        | 4 |  4.1

Action                   |  1- 3 |  4- 6 |  7- 9 || total
-------------------------+-------+-------+-------++-------
Melee: Trident           |    66 |   119 |    71 ||   256
       Tentacles         |    10 |    22 |    16 ||    48
       Constrict         |    11 |    26 |    13 ||    50
Throw: Dart              |       |     9 |    36 ||    45
       Boomerang         |       |     1 |       ||     1
  Use: Scroll            |       |     5 |     3 ||     8
       Potion            |       |       |     4 ||     4
 Stab: Sleeping          |    10 |    14 |     7 ||    31
       Distracted        |       |       |     1 ||     1
Armor: Skin              |     4 |     2 |     4 ||    10
Dodge: Dodged            |    15 |    47 |    11 ||    73
Block: Kite shield       |    27 |    34 |    20 ||    81

Table legend: (Time is in decaauts)
 A = Elapsed time spent in this place.
 B = Non-inter-level travel time spent in this place.
 C = Inter-level travel time spent in this place.
 D = Time resting spent in this place.
 E = Time spent auto-exploring this place.
 F = Levels seen in this place.
 G = Mean time per level.
                   A        B        C        D        E       F      G
               +--------+--------+--------+--------+--------+-----+--------+
         Total |   6611 |   6368 |    243 |   1698 |   3902 |   6 | 1101.8 |
       Dungeon |   6611 |   6368 |    243 |   1698 |   3902 |   6 | 1101.8 |
               +--------+--------+--------+--------+--------+-----+--------+

Top non-repeatable levels by time:
     D:5: 1697 daAuts
     D:2: 1283 daAuts
     D:4: 1242 daAuts
     D:3: 945 daAuts
     D:1: 841 daAuts
     D:6: 602 daAuts
